[Event "*** Titled Tuesday Blitz"]
[Site "Chess.com"]
[Date "2021.04.06"]
[Round "9"]
[White "kingnb"]
[Black "Zhigalko_Sergei"]
[Result "0-1"]
[WhiteElo "2590"]
[BlackElo "2892"]
[TimeControl "180+1"]
[EndTime "11:45:38 PDT"]
[Termination "Zhigalko_Sergei won by resignation"]

1. d4 Nf6 2. Nf3 e6 3. Nbd2 d5 4. e3 b6 5. Bd3 Bb7 6. O-O Bd6 7.
Qe2 Ne4 8. b3 O-O 9. Bb2 Nd7 10.
c4 f5 11. Rac1 a6 12. Rfd1 Qf6 13. Nf1 Qe7 14. Ne5 Nxe5 15. dxe5 Bc5 16. Ng3 f4 17.
cxd5 fxg3 18. Bxe4 Qh4 19. Bxh7+ Qxh7 20. hxg3 Bxd5 21.
b4 Bxb4 22. Rxc7 Bc5 23. Rxd5 exd5 24. e6 Qb1+ 25. Kh2 Qh7+ 26. Kg1 d4 27. exd4 Bd6 28.
Rd7 Qb1+ 29. Kh2 Rf6 30. Rxg7+ Kxg7 31. d5 Rh8+ 0-1

[Event "*** Titled Tuesday Blitz"]
[Site "Chess.com"]
[Date "2021.04.06"]
[Round "9"]
[White "Godzillator"]
[Black "eduardoperalta"]
[Result "1-0"]
[WhiteElo "2327"]
[BlackElo "2479"]
[TimeControl "180+1"]
[EndTime "11:45:38 PDT"]
[Termination "Godzillator won by checkmate"]

1. d4 Nf6 2. c4 g6 3. Nc3 c5 4. d5 d6 5. e4 Bg7 6. Be2 O-O 7. Bg5 h6 8. Bf4 Qb6 9. Qd2 Kh7 10. f3 e5 11. Be3 a6 12. Bd3 Qa5 13. a4 Nh5 14. Nge2 Nd7 15. O-O Rb8 16. b3 Nf4 17. Bc2 Qb4 18.
Rab1 b5 19. axb5 axb5 20. cxb5 Nxe2+ 21. Nxe2 Rxb5 22. Qxb4 Rxb4 23. Bd2 Rb8 24. b4 Ba6 25. Kf2 Rfc8 26. bxc5 Nxc5 27. Rxb8 Rxb8 28. Rb1 Rc8 29. Rb6 Bf8 30. Nc3 Bc4 31. Rc6 Rb8 32. Bc1 Ra8 33.
Rc7 Kg8 34. Be3 Ra3 35. Ne2 Ra2 36. Bd1 Bxe2 37. Bxe2 Nd3+ 38. Kf1 Ra1+ 39. Bd1 Rxd1+ 40. Ke2 Nb2 41. Rb7 Rb1 42. Bd2 Rg1 43. Rxb2 Rxg2+ 44. Kd3 Rxh2 45. Rb8 h5 46. Bh6 Kh7 47. Bxf8 h4 48.
Bxd6 h3 49. Bxe5 Rf2 50. Rh8# 1-0

[Event "*** Titled Tuesday Blitz"]
[Site "Chess.com"]
[Date "2021.04.06"]
[Round "9"]
[White "Kiborg95"]
[Black "Fighter008"]
[Result "0-1"]
[WhiteElo "2796"]
[BlackElo "2640"]
[TimeControl "180+1"]
[EndTime "11:45:40 PDT"]
[Termination "Fighter008 won by resignation"]

1. e4 c5 2. Nc3 a6 3. g3 b5 4. Bg2 Bb7 5. Nh3 e6 6. O-O h5 7. d3 h4 8. g4 Ne7 9. f4 Nbc6 10. f5 Qc7 11. Be3 Ne5 12. Kh1 N7c6 13. Nf2 h3 14. Nxh3 Be7 15. Bf4 O-O-O 16. a4 b4 17. Ne2 Rh4 18. Bg3 Rxg4 19. Nef4 Bd6 20. c3 Qb6 21. a5 Qa7 22. Rc1 Kb8 23. Qe2 Rh8 24. Qf2 Ka8 25. Rcd1 Qb8 26. d4 cxd4 27. cxd4 Nc4 28. e5 Bc7 29. fxe6 fxe6 30. Bf3 Ne7 31.
Qg2 Nf5 32. d5 Nce3 33. Qe2 Rxg3 0-1

[Event "*** Titled Tuesday Blitz"]
[Site "Chess.com"]
[Date "2021.04.06"]
[Round "9"]
[White "TimofeevAr"]
[Black "FGHSMN"]
[Result "1/2-1/2"]
[WhiteElo "2827"]
[BlackElo "2590"]
[TimeControl "180+1"]
[EndTime "11:45:40 PDT"]
[Termination "Game drawn by repetition"]

1. c4 Nf6 2. Nc3 e5 3. e3 Nc6 4. d3 g6 5. Nf3 Bg7 6. Be2 O-O 7.
O-O d5 8. cxd5 Nxd5 9. Bd2 Be6 10. a3 a5 11. Rc1 Qd7 12. Ne4 b6 13. Neg5 Bg4 14. h3 Bxf3 15. Bxf3 Nce7 16. Qc2 c5 17. Ne4 Rac8 18. Rfd1 f5 19. Nc3 Rfd8 20. Qb3 Kh8 21. Nxd5 Nxd5 22. Bxd5 Qxd5 23. Qxb6 Qxd3 24. Bc3 Qxd1+ 25. Rxd1 Rxd1+ 26. Kh2 c4 27. Qxa5 Rdd8 28. Bxe5 Bxe5+ 29. Qxe5+ Kg8 30. a4 Rc6 31. Qb5 Rdd6 32. Kg3 Re6 33. h4 Kg7 34. Kf3 h5 35. a5 Kf6 36. g3 Kg7 37. Ke2 Kf6 38. Kd2 Red6+ 39. Kc2 Kg7 40. Kb1 Kf6 41. Ka2 c3 42. bxc3 Rxc3 43. a6 Rcc6 44. Qb2+ Ke6 45. Qb3+ Kf6 46. Qb2+ Ke6 47. Qb3+ Kf6 48. Qb2+ 1/2-1/2

[Event "*** Titled Tuesday Blitz"]
[Site "Chess.com"]
[Date "2021.04.06"]
[Round "9"]
[White "Hard_Utilizator"]
[Black "ShapkinAnatoliy"]
[Result "0-1"]
[WhiteElo "2508"]
[BlackElo "2660"]
[TimeControl "180+1"]
[EndTime "11:45:41 PDT"]
[Termination "ShapkinAnatoliy won by checkmate"]

1. e4 e5 2. Nf3 Nc6 3. d4 exd4 4. Nxd4 Nf6 5. Nxc6 bxc6 6. Bd3 d5 7. exd5 cxd5 8.
O-O Be7 9. Bg5 O-O 10. Nc3 c6 11. h3 Rb8 12. b3 h6 13. Bh4 Be6 14. Ne2 Nd7 15. Bxe7 Qxe7 16. c3 Qf6 17. Re1 Rfe8 18. Bc2 c5 19. Qd3 g6 20. Rad1 Nb6 21. Qg3 Bf5 22. Qf3 Kg7 23. Bxf5 Qxf5 24. Qxf5 gxf5 25. Nf4 Rxe1+ 26. Rxe1 Kf6 27. Kf1 a5 28. Rd1 Rd8 29.
Ke2 a4 30. bxa4 Nxa4 31. Kd3 Nb2+ 32. Kd2 Nxd1 33. Kxd1 Ke5 34. Nd3+ Kd6 35. Kc2 Ra8 36. Kb2 Re8 37. Nf4 Kc6 38. Kb3 Re1 39. a4 Rf1 40. f3 Ra1 41. Ne2 c4+ 42. Kb2 Rxa4 43. Nd4+ Kc5 44.
Nxf5 Ra6 45. g4 Rf6 46. Nd4 Rf4 47. Kc2 Rxd4 48. cxd4+ Kxd4 49. h4 Ke5 50. Kc3 Kf4 51.
g5 hxg5 52. h5 Kf5 53. Kd4 Kf6 54. Kxd5 c3 55. f4 c2 56. fxg5+ Kxg5 57. h6 c1=Q 58. h7 Qh1+ 59. Kd6 Qxh7 60. Ke7 Qf5 61. Kf8 Qd7 62.
Kg7 f5+ 63. Kh8 Kg6 64. Kg8 Qg7# 0-1

[Event "*** Titled Tuesday Blitz"]
[Site "Chess.com"]
[Date "2021.04.06"]
[Round "9"]
[White "Leo_C"]
[Black "Pantata007"]
[Result "1-0"]
[WhiteElo "2385"]
[BlackElo "2253"]
[TimeControl "180+1"]
[EndTime "11:45:41 PDT"]
[Termination "Leo_C won on time"]

1. d4 d5 2. c4 c6 3. Nc3 Nf6 4. Nf3 e6 5. e3 Nbd7 6. Qc2 Bd6 7. g4 Nxg4 8. Rg1 Qf6 9. Rxg4 Qxf3 10. Rxg7 Nf6 11.
Rg2 Bd7 12. Bd2 O-O-O 13. Qd1 Qf5 14. Qb1 Qxb1+ 15. Rxb1 Rhg8 16. h3 e5 17. dxe5 Bxe5 18. cxd5 cxd5 19. Rc1 Kb8 20. f4 Bd6 21. Kf2 Bf5 22.
Rxg8 Rxg8 23. Bg2 Ne4+ 24. Nxe4 dxe4 25. Bc3 b6 26. Bf6 Bc5 27. Rc3 Re8 28. a3 a5 29.
Be5+ Kb7 30. Rc4 Ka6 31. Bxe4 Bxe4 32. Rxe4 f6 33. b4 axb4 34. axb4 Bf8 35. Kf3 fxe5 36.
fxe5 Kb5 37. e6 Bxb4 38. Kg4 Bd6 39. Kf5 Kc6 40. Rc4+ Kd5 41. Rd4+ 1-0

[Event "*** Titled Tuesday Blitz"]
[Site "Chess.com"]
[Date "2021.04.06"]
[Round "9"]
[White "AlexPapasimakopoulos"]
[Black "XDPS"]
[Result "1-0"]
[WhiteElo "2643"]
[BlackElo "2736"]
[TimeControl "180+1"]
[EndTime "11:45:42 PDT"]
[Termination "AlexPapasimakopoulos won on time"]

1. d4 d5 2. c4 e6 3. Nc3 Nf6 4. cxd5 exd5 5. Bg5 c6 6. e3 h6 7. Bh4 Bd6 8. Bd3 O-O 9. Qc2 Re8 10. Nge2 a5 11. Bg3 Na6 12. a3 Nc7 13. O-O Ne6 14. f3 b5 15. Bxd6 Qxd6 16. Ng3 Bb7 17. Nf5 Qf8 18. Rad1 Rac8 19. Qf2 g6 20. Qh4 Nh5 21. g4 gxf5 22. Qxh5 fxg4 23. Kh1 Ng5 24. Bf5 Rxe3 25. Qxg4 Kh8 26. f4 Ne6 27. Rg1 b4 28. axb4 axb4 29. Na4 Ba6 30. Rg2 Re8 31. Qh4 f6 32. Rdg1 1-0

[Event "*** Titled Tuesday Blitz"]
[Site "Chess.com"]
[Date "2021.04.06"]
[Round "9"]
[White "politeplayer"]
[Black "elegant285"]
[Result "1-0"]
[WhiteElo "2268"]
[BlackElo "2356"]
[TimeControl "180+1"]
[EndTime "11:45:42 PDT"]
[Termination "politeplayer won by checkmate"]

1. e4 c5 2. Nf3 d6 3. d4 cxd4 4. Nxd4 Nf6 5. Nc3 a6 6. Bc4 e6 7. a4 Nbd7 8. Bxe6 fxe6 9. Nxe6 Qa5 10. Bd2 Qe5 11. Nc7+ Kd8 12. Nxa8 Nxe4 13. Nxe4 Qxe4+ 14. Qe2 Qxg2 15. O-O-O b6 16. Nxb6 Nxb6 17. Ba5 Qc6 18. Rhe1 Bf5 19. Rd4 Kc8 20. Bxb6 Qxb6 21. Qe8+ Kb7 22.
c3 d5 23. Re7+ Bxe7 24. Qxe7+ Qc7 25. Rb4+ Kc6 26. Qg5 Rf8 27. a5 Qxa5 28. Qxg7 Qa1+ 29. Kd2 Re8 30. Qf6+ Kc5 31. Qb6# 1-0

[Event "*** Titled Tuesday Blitz"]
[Site "Chess.com"]
[Date "2021.04.06"]
[Round "9"]
[White "bratkoo"]
[Black "PavelShkapenko"]
[Result "0-1"]
[WhiteElo "2558"]
[BlackElo "2718"]
[TimeControl "180+1"]
[EndTime "11:45:43 PDT"]
[Termination "PavelShkapenko won on time"]

1. e4 e5 2. Bc4 Nf6 3. d3 c6 4. Nf3 d5 5. Bb3 Bd6 6. O-O O-O 7. Re1 a5 8. a4 Nbd7 9. Nbd2 Re8 10. c3 Nc5 11. Bc2 b6 12. d4 exd4 13. e5 dxc3 14. bxc3 Nfe4 15. Nxe4 dxe4 16. exd6 exf3 17. Rxe8+ Qxe8 18.
Be3 fxg2 19. Qh5 h6 20. Rd1 Bd7 21. Rd4 Qe6 22. Rf4 Qd5 23. Qh4 Qxd6 24. Rd4 Qe6 25. h3 Qxh3 26. Qxh3 Bxh3 27. Rd6 Rc8 28. Kh2 h5 29. Bd4 h4 30. f4 Be6 31. Kxg2 Bb3 32. Bf5 Ne6 33. Bxb6 Bxa4 34. Bxe6 fxe6 35. Bxa5 Rf8 0-1

[Event "*** Titled Tuesday Blitz"]
[Site "Chess.com"]
[Date "2021.04.06"]
[Round "9"]
[White "SanchezKelvin"]
[Black "Nachsueb"]
[Result "1-0"]
[WhiteElo "2493"]
[BlackElo "2190"]
[TimeControl "180+1"]
[EndTime "11:45:43 PDT"]
[Termination "SanchezKelvin won by resignation"]

1. e4 c5 2. Nf3 e6 3. d4 cxd4 4. Nxd4 Nc6 5. Nxc6 bxc6 6. Bd3 Qc7 7. O-O d5 8. Nc3 Nf6 9. f4 Be7 10. b3 O-O 11.
Bb2 a5 12. Qe2 Ba6 13. Bxa6 Qb6+ 14. Kh1 Qxa6 15. Qxa6 Rxa6 16. e5 Nd7 17. Na4 c5 18. Rad1 Rc6 19. f5 Nb6 20. f6 Bd8 21. Nc3 g6 22. a4 Nd7 23. Nb5 Bc7 24. Nxc7 Rxc7 25. Rfe1 Rb8 26. Bc3 c4 27. Bxa5 Ra7 28. b4 Nc5 29. Ra1 Ne4 30. Kg1 Nc3 31. Ra3 Ne4 32. Rd1 Kf8 33. c3 Ke8 34. Kf1 Kd7 35. Ke2 h5 36.
Ke3 Ng5 37. Kd4 Ne4 38. Ra2 Rba8 39. Re2 Rb8 40. Rxe4 dxe4 41. Kxe4+ Kc6 42. Rd4 Rd7 43.
Rxc4+ Kb7 44. b5 Rc8 45. Rxc8 Kxc8 46. Bb4 Kb7 47. Bd6 Kb6 48. c4 Ra7 49. c5+ Kb7 50. c6+ Kb6 51. c7 Rxa4+ 52. Kd3 Kb7 53. b6 Ra6 54. Bc5 Ra5 55. Kc4 Ra4+ 56. Kb5 Ra1 57.
c8=Q+ Kxc8 58. Kc6 Rb1 59. Kd6 Rd1+ 60. Ke7 Rd7+ 61. Kf8 Rb7 62. h4 Kd8 63. Be7+ Kd7 64. Kxf7 Rxb6 65. Kxg6 Ke8 66. Kg7 Rb2 67. f7+ Kxe7 68.
f8=Q+ 1-0

[Event "*** Titled Tuesday Blitz"]
[Site "Chess.com"]
[Date "2021.04.06"]
[Round "9"]
[White "fearless_guy"]
[Black "Beca95"]
[Result "0-1"]
[WhiteElo "2794"]
[BlackElo "2923"]
[TimeControl "180+1"]
[EndTime "11:45:44 PDT"]
[Termination "Beca95 won on time"]

1. e4 e5 2. Nf3 Nc6 3. d4 exd4 4. Nxd4 Nf6 5. Nxc6 bxc6 6. Qe2 d5 7. exd5+ Be7 8.
dxc6 O-O 9. Qd2 Bd6 10. Nc3 Re8+ 11. Be2 Rb8 12. O-O Rb4 13. g3 Bh3 14. Rd1 Qe7 15. Qe3 Qf8 16. Qd3 Bc5 17. Bg5 Ng4 18. Bxg4 Rxg4 19. Bf4 h5 20. Bxc7 h4 21. Bd6 Bxd6 22. Qf3 Rg6 23. Rd4 Rge6 24. Re4 Qe7 25. Rae1 Qf6 26. Qxf6 gxf6 27. g4 f5 28. Rxe6 fxe6 29. f3 fxg4 30. Ne4 Be7 31. c7 Rc8 32. Nf2 Bc5 33.
Rxe6 g3 34. Rg6+ Kf7 0-1

[Event "*** Titled Tuesday Blitz"]
[Site "Chess.com"]
[Date "2021.04.06"]
[Round "9"]
[White "AttilaTurzo"]
[Black "Guzman70"]
[Result "0-1"]
[WhiteElo "2500"]
[BlackElo "2368"]
[TimeControl "180+1"]
[EndTime "11:45:44 PDT"]
[Termination "Guzman70 won on time"]

1. d4 Nf6 2. Nf3 c5 3. d5 g6 4.
Nc3 Bg7 5. e4 O-O 6. h3 d6 7. a4 e6 8. Be2 exd5 9. exd5 Re8 10. O-O Ne4 11. Nxe4 Rxe4 12. Bd3 Re8 13. Nd2 Nd7 14. Nc4 Ne5 15. Nxe5 Rxe5 16. c4 Bf5 17. Bxf5 gxf5 18. Qd3 Qf6 19. Bd2 Re4 20. Bc3 Qg6 21. f3 Bd4+ 22. Kh1 Re3 23. Qd2 Rae8 24. Bxd4 Re2 25. Qxe2 Rxe2 26. Bf2 f4 27. b3 Qc2 28. Kg1 Qxb3 29. Rab1 Qxc4 30. Rxb7 Qxd5 31.
Rxa7 Ra2 32. Bh4 h5 33. Kh2 Qc4 34. Rg1 Rxa4 35. Rd7 Qe6 36. Rd8+ Kh7 37. Re1 Qg6 38. Ree8 Qg7 39. Rxd6 Ra2 0-1

[Event "*** Titled Tuesday Blitz"]
[Site "Chess.com"]
[Date "2021.04.06"]
[Round "9"]
[White "Supernotar"]
[Black "Byniolus"]
[Result "1-0"]
[WhiteElo "2715"]
[BlackElo "2866"]
[TimeControl "180+1"]
[EndTime "11:45:46 PDT"]
[Termination "Supernotar won on time"]

1. d4 d6 2. c4 e5 3. Nc3 exd4 4. Qxd4 Nc6 5. Qd2 Nf6 6. b3 a5 7. Bb2 a4 8. Rc1 axb3 9. axb3 Bf5 10. Nf3 Be7 11. g3 Bg6 12. Bg2 O-O 13. O-O Re8 14. Nd4 Nxd4 15. Qxd4 c6 16. Rfd1 Bf8 17. e3 h6 18. Rd2 Qc7 19. Rcd1 Qa5 20. Na4 Ne4 21.
Re2 Qb4 22. Nb6 Ra2 23. Nd7 Qxb3 24. Nxf8 Kxf8 25. Bxe4 Rxe4 26. Qxg7+ Ke8 27. Rxd6 Qb6 28. c5 Qa5 29. Bc3 Qa6 30. Qg8+ 1-0

[Event "*** Titled Tuesday Blitz"]
[Site "Chess.com"]
[Date "2021.04.06"]
[Round "9"]
[White "fabianvivasz"]
[Black "annamaja"]
[Result "1-0"]
[WhiteElo "2400"]
[BlackElo "2265"]
[TimeControl "180+1"]
[EndTime "11:45:47 PDT"]
[Termination "fabianvivasz won by checkmate"]

1. e4 e6 2. d4 d5 3. Nd2 Nf6 4. e5 Nfd7 5. Ngf3 c5 6. c3 Nc6 7. Bd3 Qb6 8. O-O Be7 9. Re1 O-O 10. Nf1 f6 11. exf6 Nxf6 12. a3 Kh8 13. h3 cxd4 14. cxd4 Nxd4 15. Nxd4 Qxd4 16. Be3 Qxb2 17. Re2 Qc3 18.
Rc2 Qa5 19. Bd4 Ne4 20. Ng3 Nxg3 21. fxg3 Bf6 22. Qh5 Bxd4+ 23. Kh2 h6 24. Qg6 Kg8 25. Qh7+ Kf7 26. Rf1+ Bf6 27. Bg6+ Ke7 28. Rxf6 Rxf6 29. Qxg7+ Kd6 30. Qxf6 Bd7 31. Qf4+ Ke7 32. Qxh6 Qe1 33. Qg5+ Kd6 34. Qf4+ Qe5 35. Qb4# 1-0

[Event "*** Titled Tuesday Blitz"]
[Site "Chess.com"]
[Date "2021.04.06"]
[Round "9"]
[White "gmgamil"]
[Black "rquery98"]
[Result "1-0"]
[WhiteElo "2815"]
[BlackElo "2662"]
[TimeControl "180+1"]
[EndTime "11:45:49 PDT"]
[Termination "gmgamil won by resignation"]

1. d4 Nf6 2. Nc3 d5 3. Bg5 h6 4.
Bh4 e6 5. f3 Be7 6. e3 c5 7.
dxc5 Bxc5 8. Bf2 Nc6 9. Qd2 Qe7 10. O-O-O a6 11. Nge2 b5 12. Nd4 Bb7 13. Kb1 Ne5 14.
Nb3 Bb6 15. e4 Bxf2 16. Qxf2 dxe4 17. Na5 exf3 18. Nxb7 Qxb7 19. Qg3 Ng6 20. gxf3 O-O 21. Bd3 Nh5 22. Qg4 Nf6 23. Qg3 Nh5 24. Qg4 Nf6 25. Qg1 Nf4 26. Ne4 N6d5 27. Qg3 f5 28. Nc5 Qc7 29.
Rhg1 Nxd3 30. Rxd3 Qxg3 31. hxg3 Rfe8 32. Nxe6 Rxe6 33.
Rxd5 Rae8 34. b3 g6 35. g4 Re1+ 36. Rxe1 Rxe1+ 37. Kb2 fxg4 38. fxg4 Rg1 39. Rd4 Kg7 40. a4 bxa4 41. Rxa4 Rg2 42. Rxa6 Rxg4 43. c4 h5 44. c5 h4 45. Ra1 Rg5 46. b4 Kf7 47. Re1 Rh5 48. c6 h3 49. c7 Rh8 50. b5 h2 51. b6 g5 52. b7 1-0

[Event "*** Titled Tuesday Blitz"]
[Site "Chess.com"]
[Date "2021.04.06"]
[Round "9"]
[White "DinaBelenkaya"]
[Black "LileKoridze"]
[Result "1-0"]
[WhiteElo "2370"]
[BlackElo "2444"]
[TimeControl "180+1"]
[EndTime "11:45:52 PDT"]
[Termination "DinaBelenkaya won by resignation"]

1. e4 c5 2. Nc3 Nc6 3. g3 a6 4.
Bg2 d6 5. Nge2 Nf6 6. d3 g6 7. Be3 Bg7 8. h3 O-O 9. Qd2 Rb8 10. Bh6 b5 11. h4 b4 12. Nd5 Nxd5 13. exd5 Ne5 14. h5 Bxh6 15. Qxh6 Ng4 16. Qd2 Kg7 17. Bh3 Rh8 18. f3 Ne5 19. Kf2 Bxh3 20. Rxh3 Qd7 21. Nf4 g5 22. Ne6+ fxe6 23. Qxg5+ Kf7 24. Rh4 Rbg8 25.
Qf4+ Ke8 26. Qe4 exd5 27. Qe2 Rf8 28. f4 Kd8 29. Re1 Nc6 30. c3 bxc3 31. bxc3 Kc7 32. Qf3 Qf5 33. h6 d4 34. Rh5 Qf7 35. c4 e5 36. f5 Ne7 37. g4 Ng6 38. Rb1 Rb8 39.
Rxb8 Rxb8 40. fxg6 Qxg6 41. Qf5 Rb2+ 42. Kf3 Qxf5+ 43.
Rxf5 Rxa2 44. Rf7+ Kc6 45. Rxh7 Rh2 46. g5 a5 47. g6 a4 48. g7 Rh3+ 49. Kg2 a3 1-0

[Event "*** Titled Tuesday Blitz"]
[Site "Chess.com"]
[Date "2021.04.06"]
[Round "9"]
[White "Romadk"]
[Black "LenkaPtacnikova"]
[Result "0-1"]
[WhiteElo "2335"]
[BlackElo "2206"]
[TimeControl "180+1"]
[EndTime "11:45:53 PDT"]
[Termination "LenkaPtacnikova won by resignation"]

1. d4 Nf6 2. Nf3 e6 3. g3 c5 4. Bg2 Be7 5. O-O O-O 6. b3 Nc6 7. Bb2 d5 8. e3 b6 9. Qe2 Bb7 10. Rd1 cxd4 11. Nxd4 Rc8 12. c4 Nxd4 13. Bxd4 Qc7 14.
Nd2 dxc4 15. Nxc4 Bxg2 16. Kxg2 Rfd8 17. Rac1 b5 18. Ne5 Qb7+ 19. f3 Ba3 20. Rc2 Nd5 21.
e4 Nb4 22. Rxc8 Rxc8 23. Qe3 f6 24. Ng4 Nc2 25. Qd3 Nxd4 26. Qxd4 Qc7 27. Kh3 Bc5 28. Qd7 Qxd7 29. Rxd7 Bb6 30. e5 f5 31. Nf6+ gxf6 32. exf6 Rf8 33. Rg7+ Kh8 34. Re7 Rxf6 35. Re8+ Kg7 36. f4 Kg6 37. Kg2 Kf7 38. a4 Kxe8 39. axb5 Rf7 0-1

[Event "*** Titled Tuesday Blitz"]
[Site "Chess.com"]
[Date "2021.04.06"]
[Round "9"]
[White "manuellarrea"]
[Black "MaxLeto"]
[Result "1-0"]
[WhiteElo "2252"]
[BlackElo "2331"]
[TimeControl "180+1"]
[EndTime "11:45:53 PDT"]
[Termination "manuellarrea won by resignation"]

1. e4 f6 2. Nf3 Kf7 3. d4 c6 4.
c4 Qa5+ 5. Nc3 Ke8 6. Bd3 Qh5 7. Be2 Kd8 8. h3 Qe8 9. O-O g5 10. b4 h5 11. Nd2 Qg6 12. b5 e5 13. dxe5 fxe5 14. Nb3 Ke8 15. a4 Nf6 16. Be3 Bb4 17.
Qc2 g4 18. h4 Rf8 19. Bg5 Be7 20.
Rad1 d6 21. Na5 Bd8 22. Nb3 Bc7 23. g3 Be6 24. c5 d5 25. Bd3 d4 26. Ne2 Nbd7 27. Nbxd4 exd4 28. e5 Qf7 29. exf6 Nxf6 30. Nxd4 Bd5 31. Rfe1+ Kd7 32. Bf5+ Kd8 33. Ne6+ Kc8 34.
Nxf8+ Kb8 35. Bxf6 Qxf8 36. Be7 Qf7 37. Bd6 Bxd6 38.
cxd6 a5 39. bxc6 bxc6 40. Re7 1-0

[Event "*** Titled Tuesday Blitz"]
[Site "Chess.com"]
[Date "2021.04.06"]
[Round "9"]
[White "ural58"]
[Black "DaroZin"]
[Result "1-0"]
[WhiteElo "2497"]
[BlackElo "2581"]
[TimeControl "180+1"]
[EndTime "11:45:54 PDT"]
[Termination "ural58 won on time"]

1. e4 e6 2. Qe2 d5 3. exd5 Qxd5 4. Nc3 Qd8 5. Nf3 Nf6 6. d4 Be7 7. Bg5 O-O 8. O-O-O b6 9. Bxf6 Bxf6 10. Qe4 c6 11. Bd3 g6 12. h4 Ba6 13. h5 Bxd3 14. Rxd3 Qd6 15. Ne5 Nd7 16. f4 Rac8 17. hxg6 fxg6 18. Rdh3 Bxe5 19. dxe5 Qe7 20. g3 Nc5 21. Qe3 Rf7 22. a3 a5 23. Ne4 Nxe4 24. Qxe4 Rg7 25. g4 Rf8 26. Rb3 Rgf7 27. Rf1 Qc5 28. Rc3 Qd5 29.
Qe3 g5 30. f5 exf5 31. Qxg5+ Rg7 32. Qh6 Qg2 33. Rd1 fxg4 34. Rxc6 Qf2 35. Rf6 Rgf7 36. Rxf2 1-0

[Event "*** Titled Tuesday Blitz"]
[Site "Chess.com"]
[Date "2021.04.06"]
[Round "9"]
[White "Sadykov_Ramil"]
[Black "Xeniya2005"]
[Result "1-0"]
[WhiteElo "2501"]
[BlackElo "2329"]
[TimeControl "180+1"]
[EndTime "11:45:54 PDT"]
[Termination "Sadykov_Ramil won by checkmate"]

1. e4 e6 2. d4 d5 3. Nc3 Nf6 4. e5 Nfd7 5. f4 c5 6. Nf3 Nc6 7. Be3 Be7 8. Qd2 a6 9. Bd3 b5 10. Qf2 Qb6 11. O-O Bb7 12. Rae1 Rc8 13. dxc5 Bxc5 14. Bxc5 Qxc5 15. Ne2 Qxf2+ 16. Kxf2 Nb6 17. Ned4 Na4 18. b3 Nc5 19. Nxc6 Rxc6 20. Nd4 Rc8 21. Ke3 g6 22. Kd2 Ke7 23. Ra1 Rhd8 24. g4 Ne4+ 25. Ke3 f6 26. exf6+ Kxf6 27. b4 Rc3 28. a4 bxa4 29.
Rxa4 Rd6 30. Rb1 Rb6 31. b5 axb5 32. Rxb5 Rxb5 33. Nxb5 Rc5 34. Ra7 Bc6 35. g5+ Kf5 36. Nd4+ Kg4 37. Rxh7 e5 38. Be2# 1-0

[Event "*** Titled Tuesday Blitz"]
[Site "Chess.com"]
[Date "2021.04.06"]
[Round "9"]
[White "Stormeman100100"]
[Black "MirMan90"]
[Result "0-1"]
[WhiteElo "2522"]
[BlackElo "2681"]
[TimeControl "180+1"]
[EndTime "11:45:55 PDT"]
[Termination "MirMan90 won by resignation"]

1. e4 e6 2. d4 d5 3. Nc3 Bb4 4. e5 c5 5. a3 Bxc3+ 6. bxc3 Ne7 7. h4 Qc7 8. Nf3 b6 9. Bb5+ Bd7 10. Bd3 Ba4 11.
h5 h6 12. dxc5 bxc5 13. c4 Nbc6 14. Bf4 Rd8 15. Qe2 dxc4 16. Bxc4 Nd4 17. Nxd4 Rxd4 18. Be3 Rd7 19. O-O Nf5 20. f4 O-O 21. Bd3 Ng3 22. Qg4 Nxf1 23. Rxf1 c4 24. Be2 Bxc2 25. Kh2 Bf5 26. Qh4 c3 27. Rf3 c2 28. Bc1 Rd1 29.
Bxd1 cxd1=Q 30. Rg3 Qcd8 31. Qf6 Qxf6 32. exf6 g6 33. hxg6 Bxg6 34. Bb2 Rb8 35. f5 Rxb2 36. fxg6 Qh5+ 37. Kg1 Rb1+ 38. Kf2 Qc5+ 0-1

[Event "*** Titled Tuesday Blitz"]
[Site "Chess.com"]
[Date "2021.04.06"]
[Round "9"]
[White "elextranjero00"]
[Black "Alex-11211"]
[Result "0-1"]
[WhiteElo "2564"]
[BlackElo "2428"]
[TimeControl "180+1"]
[EndTime "11:45:55 PDT"]
[Termination "Alex-11211 won by resignation"]

1. e4 c5 2. Nf3 g6 3. d4 Bg7 4. c4 Nc6 5. d5 Nd4 6. Nc3 Nxf3+ 7. Qxf3 d6 8. Bd3 Nf6 9. h3 O-O 10. O-O e6 11. Bg5 h6 12. Bd2 e5 13. a3 Nh7 14.
b4 b6 15. Qd1 f5 16. exf5 gxf5 17. f3 Qh4 18. Be1 Qg5 19. Qd2 Qg6 20. Rc1 Ng5 21. Kh1 Bd7 22. bxc5 bxc5 23. Rb1 e4 24. Be2 Rab8 25.
Rxb8 Rxb8 26. fxe4 Nxe4 27. Nxe4 fxe4 28. Qe3 Rb2 29. Bd2 Bd4 30. Qf4 Qg7 31. Bg4 Bxg4 32. hxg4 Be5 33. Qxh6 Qxh6+ 34. Bxh6 Rb3 35. Re1 Rxa3 36.
Rxe4 Ra1+ 0-1

[Event "*** Titled Tuesday Blitz"]
[Site "Chess.com"]
[Date "2021.04.06"]
[Round "9"]
[White "mishanick"]
[Black "superchess02"]
[Result "1-0"]
[WhiteElo "2946"]
[BlackElo "2817"]
[TimeControl "180+1"]
[EndTime "11:45:56 PDT"]
[Termination "mishanick won on time"]

1. e4 c5 2. Nf3 d6 3. d4 cxd4 4. Nxd4 Nf6 5. Nc3 a6 6. Be3 e6 7. Nb3 b5 8. a3 Bb7 9. f3 Nbd7 10. Be2 Rc8 11. O-O h5 12. Qd2 h4 13. Rad1 h3 14.
g3 d5 15. exd5 Nxd5 16. Bd4 Qc7 17. Bd3 Nxc3 18. Bxc3 Nc5 19. Nxc5 Bxc5+ 20. Kh1 f6 21. Qe2 Kf7 22. Rde1 e5 23. Be4 g6 24. f4 f5 25.
fxe5 Ke6 26. Bf3 g5 27. g4 Rhf8 28. Rd1 fxg4 29. Be4 Ke7 30. Rf6 Rxf6 31. exf6+ Kf7 32. Qxg4 Re8 33. Qh5+ 1-0

[Event "*** Titled Tuesday Blitz"]
[Site "Chess.com"]
[Date "2021.04.06"]
[Round "9"]
[White "BanjoKazooieN64"]
[Black "GMJustin"]
[Result "1-0"]
[WhiteElo "2453"]
[BlackElo "2273"]
[TimeControl "180+1"]
[EndTime "11:45:56 PDT"]
[Termination "BanjoKazooieN64 won on time"]

1. e4 c5 2. Nc3 e6 3. f4 d5 4. e5 f6 5. Nf3 Nc6 6. Bb5 Bd7 7. O-O a6 8. Bxc6 Bxc6 9. d3 f5 10. Ne2 d4 11. Kh1 Nh6 12. c3 dxc3 13. bxc3 Nf7 14. d4 Qd5 15. a4 Be7 16. a5 O-O 17. Ba3 Rfe8 18. dxc5 Qc4 19. Ned4 Bxc5 20. Nxc6 bxc6 21. Bxc5 Qxc5 22. Qd4 Qd5 23. c4 Qxd4 24.
Nxd4 c5 25. Nb3 Rec8 26. Rab1 Kf8 27. Nc1 Rab8 28. Nd3 Ke7 29. Kg1 Rxb1 30. Rxb1 Nd8 31.
Rb6 Rc6 32. Rb8 Rc7 33. Ra8 Rd7 34. Nxc5 Rd4 35. Ra7+ Ke8 36. Nxa6 Rxf4 37. Rc7 Re4 38. Nb4 Rxe5 39. a6 Ra5 40. a7 e5 41. Nd5 e4 42. Nb6 1-0

[Event "*** Titled Tuesday Blitz"]
[Site "Chess.com"]
[Date "2021.04.06"]
[Round "9"]
[White "ChronicUnhappiness"]
[Black "PawnEatingZombie"]
[Result "1-0"]
[WhiteElo "2307"]
[BlackElo "2191"]
[TimeControl "180+1"]
[EndTime "11:45:57 PDT"]
[Termination "ChronicUnhappiness won by checkmate"]

1. d3 g6 2. Nf3 Bg7 3. g3 Nf6 4. Bg2 d6 5. O-O O-O 6. e4 c5 7.
Nc3 Nc6 8. h3 Nd7 9. Be3 e5 10.
Qd2 f5 11. exf5 gxf5 12. Ng5 Nf6 13. Nd5 Ne7 14. Nxf6+ Bxf6 15. f4 Bxg5 16. fxg5 Nc6 17. h4 Be6 18. Rae1 Qd7 19. Qd1 Rae8 20. Qh5 Qg7 21. b3 Nd4 22. Qd1 Qc7 23. c3 Nc6 24. d4 cxd4 25. cxd4 Nb4 26. Qd2 a5 27. Rc1 Qb8 28.
a3 Nc6 29. d5 f4 30. gxf4 exf4 31. Bxf4 Ne5 32. Bxe5 dxe5 33. dxe6 e4 34. Rxf8+ Rxf8 35. Rf1 Qa7+ 36. Kh1 Rxf1+ 37. Bxf1 e3 38. Qd8+ Kg7 39.
Qf6+ Kg8 40. e7 Qa8 41. Bc4# 1-0

[Event "*** Titled Tuesday Blitz"]
[Site "Chess.com"]
[Date "2021.04.06"]
[Round "9"]
[White "dpopadic"]
[Black "morte-negra"]
[Result "0-1"]
[WhiteElo "2283"]
[BlackElo "1970"]
[TimeControl "180+1"]
[EndTime "11:45:57 PDT"]
[Termination "morte-negra won on time"]

1. e4 c5 2. Nc3 d6 3. f4 g6 4. Nf3 Bg7 5. Bc4 e6 6. d3 Ne7 7. O-O d5 8. Bb3 O-O 9. Qe1 Nbc6 10. f5 d4 11. f6 Bxf6 12. e5 Nxe5 13. Nxe5 dxc3 14. bxc3 Bg7 15. Ng4 Nf5 16. Ne3 Nxe3 17.
Bxe3 b6 18. Bd2 Bb7 19. Qg3 b5 20. Rae1 c4 21. Bg5 f6 22. dxc4 fxg5 23. cxb5 Bd5 24.
c4 Qb6+ 25. Kh1 Rxf1+ 26. Rxf1 Bb7 27. Qxg5 Qd4 28. c5 Bd5 29. Bxd5 exd5 30. c6 Qc5 31. a4 a6 32. bxa6 Rxa6 33. Qd8+ Bf8 34. c7 Rc6 0-1